 Dungeon Crawl Stone Soup version 0.25.0-9-g26727b6 (webtiles) character file.

Game seed: 4594371163901471433

6988 shmeve the Nimble (level 10, -4/91 HPs)
             Began as a Minotaur Berserker on June 20, 2020.
             Was a High Priest of Trog.
             Slain by a phantom (7 damage)
             ... on level 10 of the Dungeon.
             The game lasted 00:28:45 (8878 turns).

shmeve the Nimble (Minotaur Berserker)              Turns: 8878, Time: 00:28:46

Health: -4/91      AC: 20    Str: 24    XL:     10   Next: 81%
Magic:  9/9        EV: 10    Int:  5    God:    Trog [*****.]
Gold:   418        SH:  5    Dex: 10    Spells: 9/9 levels left

rFire    . . .     SeeInvis .   u - +0 war axe
rCold    + . .     Gourm    .   G - +0 buckler
rNeg     . . .     Faith    .   e - +0 plate armour
rPois    .         Spirit   .   l - +2 hat
rElec    .         Reflect  .   C - +1 cloak
rCorr    .         Harm     .   z - +2 pair of gloves
MR       .....                  (no boots)
Stlth    ..........             (no amulet)
HPRegen  0.25/turn              o - ring of protection from cold
MPRegen  0.11/turn              (no ring)

@: berserk cooldown, studying Dodging
A: retaliatory headbutt, horns 2
a: Berserk, Trog's Hand, Brothers in Arms, Renounce Religion


You were on level 10 of the Dungeon.
You worshipped Trog.
Trog was extremely pleased with you.
You were hungry.

You visited 1 branch of the dungeon, and saw 10 of its levels.

You collected 418 gold pieces.

Inventory:

Hand Weapons
 i - a +0 hunting sling
 u - a +0 war axe (weapon)
Missiles
 g - 99 sling bullets
 k - 8 boomerangs (quivered)
Armour
 e - a +0 plate armour (worn)
 l - a +2 hat (worn)
 z - a +2 pair of gloves (worn)
 C - a +1 cloak (worn)
 G - a +0 buckler (worn)
Jewellery
 o - a ring of protection from cold (left hand)
 J - a +6 ring of intelligence {unknown}
Wands
 j - a wand of random effects (10)
 p - a wand of polymorph (20)
 K - a wand of clouds (2)
Scrolls
 b - a scroll of random uselessness {unknown}
 f - 2 scrolls of enchant armour
 h - 2 scrolls of enchant weapon {unknown}
 n - 3 scrolls of identify
 q - a scroll of noise {unknown}
 t - a scroll of blinking {unknown}
 v - 4 scrolls of remove curse
 y - a scroll of magic mapping {unknown}
 A - 2 scrolls of immolation {unknown}
 B - a scroll of amnesia {unknown}
 F - a scroll of fear {unknown}
 H - a scroll of summoning {unknown}
 I - a scroll of teleportation {unknown}
Potions
 a - 3 potions of degeneration {unknown}
 d - 6 potions of curing
 m - 2 potions of brilliance {unknown}
 r - 2 potions of haste {unknown}
 s - 2 potions of ambrosia {unknown}
 w - 2 potions of magic {unknown}
 x - 3 potions of flight {unknown}
 E - a potion of mutation {unknown}
Books
 D - a manual of Dodging
Comestibles
 c - 23 rations


   Skills:
 * Level 9.4 Fighting
 * Level 9.5 Axes
 * Level 7.7 Slings
 - Level 0.3(4.3) Throwing
 + Level 6.3 Armour
 + Level 10.0 Dodging
 * Level 8.3 Shields


You had 9 spell levels left.
You didn't know any spells.
Your spell library was empty.

Dungeon Overview and Level Annotations

Branches:
Dungeon (10/15)            Temple (0/1) D:5            Lair (0/6) D:10
    Orc (0/2) D:10

Altars:
Dithmenos
Elyvilon
Fedhas
Gozag
Hepliaklqana
Kikubaaqudgha
Nemelex Xobeh
Qazlal
Ru
Xom
The Shining One

Shops:
D:9 =


Innate Abilities, Weirdness & Mutations

You reflexively headbutt those who attack you in melee.
You have a pair of horns on your head.


Message History

The wolf bites you but does no damage. x2
Your plate armour prevents you from hitting the wolf.
The wolf is almost dead.
The wolf barely misses you. The wolf bites you but does no damage.
You miss the wolf. Your headbutt misses the wolf.
The wolf is almost dead.
The wolf bites you.
* * * LOW HITPOINT WARNING * * *
You slice the wolf!!
You kill the wolf!
Trog accepts your kill.
Unknown command.
Your plate armour prevents you from hitting the phantom.
The phantom is moderately damaged.
The phantom barely misses you. You furiously retaliate!
You headbutt the phantom. You slash the phantom! You headbutt the phantom.
The phantom is severely damaged.
The phantom hits you!
You die...

h≈≈≈≈.≈...# ≈..≈≈≈....#
..≈≈≈.≈≈≈.# >..h≈≈≈...#
..hh≈≈≈≈≈.##
.≈h≈≈≈≈....#
≈≈≈≈≈≈≈....# #######
≈≈≈≈≈≈≈....## #####+###
#......
≈≈≈≈..≈;..'.####@......#
#......
≈≈≈≈.≈..(.#...##W......#
#......
≈≈≈≈......###.†#......<#
#...... #.........#
##.'.......####......
#.........#
###.......'..÷......
+.......(.#
#.......####......
#.........# ###'#####
#...... #######)## #...#
#....>. #####.# ###.##
#......


You could see a phantom.

Vanquished Creatures
  A two-headed ogre (D:9)
  A hornet (D:10)
  2 trolls
  A hippogriff (D:9)
  Sigmund (D:6)
  Grum (D:9)
  Menkaure (D:6)
  2 soldier ants (D:9)
  An orc warrior (D:8)
  3 ice beasts
  A phantom (D:9)
  7 ogres
  A sky beast (D:9)
  3 wolves
  A crocodile (D:7)
  3 centaurs
  A big kobold (D:8)
  2 gnoll sergeants
  Blork the orc (D:4)
  5 bullfrogs
  8 scorpions
  4 wights (D:6)
  4 howler monkeys
  3 crimson imps
  8 hounds
  A quasit (D:4)
  4 jellies
  7 orc wizards
  Crazy Yiuf (D:6)
  2 orc priests
  A bullfrog zombie (D:9)
  A bullfrog skeleton (D:5)
  3 centaur skeletons
  Terence (D:2)
  4 iguanas
  8 worker ants
  A killer bee zombie (D:8)
  A hound skeleton (D:10)
  7 gnolls
  12 adders
  5 shadow imps
  3 adder skeletons
  3 worms
  3 dart slugs
  6 leopard geckos
  24 orcs
  3 ball pythons
  10 bats
  11 giant cockroaches
  3 goblins (D:1)
  6 hobgoblins
  20 jackals
  15 kobolds
  7 quokkas
  8 frilled lizards
  A giant cockroach zombie (D:5)
  A quokka skeleton (D:4)
  6 rats
255 creatures vanquished.

Vanquished Creatures (others)
  2 fungi (D:4)
2 creatures vanquished.

Grand Total: 257 creatures vanquished

Notes
Turn   | Place    | Note
-------+----------+-------------------------------------------
     0 | D:1      | shmeve the Minotaur Berserker began the quest for the Orb.
     0 | D:1      | Reached XP level 1. HP: 19/19 MP: 0/0
   454 | D:1      | Reached XP level 2. HP: 27/27 MP: 1/1
  1185 | D:2      | Reached XP level 3. HP: 30/33 MP: 2/2
  1253 | D:2      | Reached skill level 1 in Slings
  1415 | D:2      | Reached ** piety under Trog
  1703 | D:2      | Reached XP level 4. HP: 40/41 MP: 3/3
  1808 | D:2      | Noticed Terence
  1812 | D:2      | Killed Terence
  2564 | D:3      | Found a sacrificial altar of Ru.
  2652 | D:4      | Reached skill level 5 in Axes
  2652 | D:4      | Reached XP level 5. HP: 47/47 MP: 4/4
  2712 | D:4      | Reached skill level 5 in Fighting
  2712 | D:4      | Reached skill level 3 in Dodging
  2738 | D:4      | Reached *** piety under Trog
  2788 | D:4      | Reached XP level 6. HP: 41/56 MP: 5/5
  2877 | D:4      | Found a shimmering altar of Xom.
  3109 | D:4      | Noticed Blork the orc
  3132 | D:4      | Killed Blork the orc
  3132 | D:4      | Reached XP level 7. HP: 61/62 MP: 6/6
  3176 | D:4      | Found the +7 Singing Sword {vorpal, sonic wave}
  3590 | D:5      | Entered Level 5 of the Dungeon
  3590 | D:5      | Found a hazy altar of Hepliaklqana.
  3650 | D:5      | Found a staircase to the Ecumenical Temple.
  4147 | D:5      | Reached **** piety under Trog
  4272 | D:5      | Reached skill level 4 in Dodging
  4789 | D:6      | Noticed Sigmund
  4798 | D:6      | Killed Sigmund
  4798 | D:6      | Reached skill level 5 in Slings
  4798 | D:6      | Reached XP level 8. HP: 71/71 MP: 7/7
  4867 | D:6      | Noticed Menkaure
  4877 | D:6      | Killed Menkaure
  5300 | D:6      | Found a runed translucent door.
  5301 | D:6      | Noticed Crazy Yiuf
  5402 | D:6      | Killed Crazy Yiuf
  5402 | D:6      | Reached skill level 5 in Armour
  5932 | D:7      | Reached XP level 9. HP: 81/81 MP: 8/8
  6008 | D:7      | Reached skill level 5 in Dodging
  6385 | D:7      | Noticed a troll
  6398 | D:7      | Killed a troll
  6823 | D:8      | Reached skill level 6 in Dodging
  7090 | D:8      | Found a stormy altar of Qazlal.
  7094 | D:8      | Reached skill level 1 in Shields
  7100 | D:8      | Found a shadowy altar of Dithmenos.
  7103 | D:8      | Found an opulent altar of Gozag.
  7149 | D:8      | Found a white marble altar of Elyvilon.
  7441 | D:9      | Found an ancient bone altar of Kikubaaqudgha.
  7446 | D:9      | Reached XP level 10. HP: 82/91 MP: 9/9
  7483 | D:9      | Found a blossoming altar of Fedhas.
  7503 | D:9      | Reached skill level 7 in Dodging
  7799 | D:9      | Reached ***** piety under Trog
  7854 | D:9      | Noticed Grum
  7864 | D:9      | Killed Grum
  7864 | D:9      | Reached skill level 8 in Dodging
  7890 | D:9      | Found Jedy's Jewellery Emporium.
  7904 | D:9      | Reached skill level 5 in Shields
  7986 | D:9      | Found a sparkling altar of Nemelex Xobeh.
  8076 | D:9      | Noticed a two-headed ogre
  8084 | D:9      | Killed a two-headed ogre
  8084 | D:9      | Reached skill level 9 in Dodging
  8278 | D:9      | Found a glowing golden altar of the Shining One.
  8425 | D:10     | Entered Level 10 of the Dungeon
  8623 | D:10     | Found a staircase to the Orcish Mines.
  8651 | D:10     | Reached skill level 10 in Dodging
  8847 | D:10     | Found a staircase to the Lair.
  8866 | D:10     | HP: 3/91 [wolf (6)]
  8875 | D:10     | HP: 3/91 [wolf (3)]
  8878 | D:10     | Slain by a phantom

Illustrated notes

Levels and vault maps discovered:
D:1:      giann_forest_graveyard, layout_loops_corners
D:2:      layout_loops_ring, kennysheep_cross_room, uniq_terence
D:3:      layout_rooms, nicolae_ru_path_of_blood
D:4:      old_forge, layout_loops_ring, first_ration, minmay_ruined_shrine,
          uniq_blork_the_orc
D:5:      layout_basic, nicolae_overflow_hidden_temple, temple_statues
D:6:      layout_basic, uniq_menkaure, uniq_crazy_yiuf_cottage, uniq_sigmund
D:7:      layout_basic, minmay_manual_mess
D:8:      layout_rooms, grunt_temple_overflow_cloverleaf
D:9:      layout_roguey, grunt_temple_overflow_growth_and_decay,
          lemuel_crystal_altar, lemuel_round_altar, serial_shops, shop,
          hangedman_pestilent_swarm, uniq_grum
D:10:     layout_roguey, erik_lair_island

Skill      XL: |  1  2  3  4  5  6  7  8  9 10 |
---------------+-------------------------------+-----
Axes           | 4 5 7 8 9 |  9.5
Fighting       | 4 5 6 7 9 |  9.4
Slings         | 1 2 3 5 6 7 |  7.7
Armour         | 3 4 5 6 |  6.3
Dodging        | 3 4 6 10 | 10.0
Shields        | 2 8 |  8.3
Throwing       | |  0.3

Action                   |  1- 3 |  4- 6 |  7- 9 | 10-12 || total
-------------------------+-------+-------+-------+-------++-------
Melee: Hand axe          |   114 |    19 |       |       ||   133
       Headbutt          |     8 |    19 |    30 |    31 ||    88
       War axe           |       |    76 |   214 |   158 ||   448
       Battleaxe         |       |       |     1 |       ||     1
 Fire: Hunting sling     |    23 |    45 |   139 |    38 ||   245
Throw: Boomerang         |       |     2 |       |     5 ||     7
Invok: Berserk           |       |     3 |     7 |     1 ||    11
       Trog's Hand       |       |     2 |     7 |     3 ||    12
  Use: Scroll            |       |       |     7 |       ||     7
       Potion            |       |       |       |     1 ||     1
  Eat: Chunk             |     3 |     5 |    18 |     6 ||    32
       Ration            |       |     1 |     1 |       ||     2
Armor: Plate armour      |   110 |    94 |   175 |   104 ||   483
Dodge: Dodged            |    63 |    49 |   107 |    96 ||   315
Block: Buckler           |       |       |       |    32 ||    32
